 Dungeon Crawl Stone Soup version 0.19.1 (webtiles) character file.

621 Peloso the Slasher (level 7, -2/63 HPs)
             Began as a Deep Dwarf Fighter on Dec 10, 2016.
             Slain by an orc priest
             ... wielding a +0 flail
              (4 damage)
             ... on level 4 of the Dungeon.
             The game lasted 00:09:21 (2891 turns).

Peloso the Slasher (Deep Dwarf Fighter)             Turns: 2891, Time: 00:09:22

Health: -2/63      AC:  9    Str: 22    XL:     7   Next: 22%
Magic:  7/7        EV:  6    Int:  8    God:
Gold:   100        SH: 10    Dex: 12    Spells: 0 memorised, 6 levels left

rFire  . . .     SeeInvis .     a - +0 long sword
rCold  . . .     Gourm    .     d - +0 chain mail
rNeg   . . .     Faith    .     c - +0 shield
rPois  +         Spirit   .     (no helmet)
rElec  .         Reflect  .     (no cloak)
rCorr  .         Harm     .     (no gloves)
MR     +....                    (no boots)
Stlth  ..........               (no amulet)
                                h - ring of flight
                                i - ring of poison resistance

@: lethally poisoned (-2 -> -2), non-regenerating
A: damage resistance, recharge devices, sense surroundings 1, slow regeneration
3
a: Device Recharging, Evoke Flight


You were on level 4 of the Dungeon.
You were hungry.

You visited 1 branch of the dungeon, and saw 4 of its levels.

You collected 100 gold pieces.

Inventory:

Hand Weapons
 a - a +0 long sword (weapon)
 b - a +2 war axe of flaming
Armour
 c - a +0 shield (worn)
 d - a +0 chain mail (worn)
Jewellery
 h - a ring of flight (right hand)
 i - a ring of poison resistance (left hand)
Wands
 e - a wand of heal wounds (3/9)
Scrolls
 j - 2 scrolls of fog
 r - a scroll of amnesia {unknown}
 s - 2 scrolls of remove curse {unknown}
Potions
 g - a potion of berserk rage {unknown}
 k - a potion of heal wounds {unknown}
 n - 2 potions of cancellation {unknown}
 o - a potion of magic {unknown}
 q - a potion of brilliance {unknown}
Comestibles
 f - 3 bread rations
 l - 2 slices of pizza
 m - a meat ration
 p - a beef jerky
 t - 2 chunks of flesh


   Skills:
 + Level 3.9 Fighting
 + Level 5.2 Long Blades
 + Level 4.8 Armour
 + Level 2.0 Dodging
 + Level 4.9 Shields


You had 6 spell levels left.
You didn't know any spells.

Dungeon Overview and Level Annotations

Branches:
Dungeon (4/15)
 Temple: D:4-7

Altars:
Ashenzari
Qazlal
Ru
Yredelemnul

Annotations:
D:3 TheSquall's ghost, amateur MiFi


Innate Abilities, Weirdness & Mutations

You are resistant to damage.
You can recharge devices by infusing magical energy.
You passively map a small area around you.
You do not regenerate.


Message History

The orc priest is lightly wounded.
You block the orc priest's attack.
You hit the orc priest.
The orc priest is heavily wounded.
You block the orc priest's attack.
You hit the orc priest.
The orc priest is heavily wounded.
The orc priest hits you with a flail.
You hit the orc priest.
The orc priest is heavily wounded.
The orc priest calls down the wrath of Beogh upon you.
Pain shoots through your body!
* * * LOW HITPOINT WARNING * * *
You closely miss the orc priest.
The orc priest is heavily wounded.
The orc priest closely misses you.
You closely miss the orc priest.
The orc priest is heavily wounded.
The orc priest hits you with a flail.
You die...

######## #.......
#########.......
#...........)... * *
###......<........ , ,
,.............###. * * *
#...........# #. *
*##.##########...........###.
.........†)@o...............
##.##########...........###.
, , ..........#####.### #. ,
$...a......# #.# ##. * ,
.....g.....# #.# #.. ,
............# #.# #.. ,
....$.....#.# #.# #.. *,,
...gg.....#.#*#.# #..
..........#..*#.# #..


You could see an orc priest.

Vanquished Creatures
  Sigmund (D:2)
  An ogre (D:4)
  A centaur (D:4)
  A scorpion (D:4)
  An orc priest (D:3)
  2 orc wizards
  A worker ant (D:4)
  4 gnolls (D:4)
  2 adders
  An ooze (D:4)
  An adder skeleton (D:4)
  A worm (D:2)
  2 dart slugs
  7 orcs
  A ball python (D:3)
  4 giant cockroaches
  6 goblins
  5 hobgoblins
  6 kobolds
  2 quokkas
  5 bats
  7 frilled lizards
  7 rats
69 creatures vanquished.

Notes
Turn   | Place    | Note
-------+----------+-------------------------------------------
     0 | D:1      | Peloso the Deep Dwarf Fighter began the quest for the Orb.
     0 | D:1      | Reached XP level 1. HP: 20/20 MP: 1/1
    37 | D:1      | Found a shattered altar of Ashenzari.
   381 | D:1      | Reached XP level 2. HP: 25/27 MP: 2/2
   972 | D:1      | Reached XP level 3. HP: 31/33 MP: 3/3
  1192 | D:2      | Noticed Sigmund
  1212 | D:2      | Killed Sigmund
  1212 | D:2      | Reached skill level 4 in Long Blades
  1212 | D:2      | Reached skill level 1 in Dodging
  1212 | D:2      | Reached XP level 4. HP: 32/42 MP: 4/4
  1212 | D:2      | Reached XP level 5. HP: 37/49 MP: 5/5
  1503 | D:2      | Found a sacrificial altar of Ru.
  1566 | D:2      | Found a basalt altar of Yredelemnul.
  1903 | D:3      | Noticed TheSquall's ghost (amateur MiFi)
  2318 | D:3      | Reached XP level 6. HP: 17/56 MP: 6/6
  2761 | D:4      | Found a stormy altar of Qazlal.
  2800 | D:4      | Reached skill level 5 in Long Blades
  2800 | D:4      | Reached XP level 7. HP: 34/63 MP: 7/7
  2889 | D:4      | HP: 2/63 [orc priest/nerve-wracking pain (11)]
  2891 | D:4      | Slain by an orc priest

Skill      XL: |  1  2  3  4  5  6 |
---------------+-------------------+-----
Fighting       | 3 |  3.9
Long Blades    | 4 5 |  5.2
Armour         | 4 |  4.8
Dodging        | 1 2 |  2.0
Shields        | 4 |  4.9

Action                   |  1- 3 |  4- 6 |  7- 9 || total
-------------------------+-------+-------+-------++-------
Melee: Long sword        |    87 |   145 |    41 ||   273
Evoke: Wand              |       |     2 |       ||     2
  Use: Potion            |     2 |       |       ||     2
       Scroll            |       |     2 |       ||     2
  Eat: Chunk             |     1 |     5 |       ||     6
Armor: Scale mail        |    51 |       |       ||    51
       Chain mail        |       |    80 |    19 ||    99
Dodge: Dodged            |    23 |    46 |     7 ||    76
Block: Shield            |    37 |    81 |    22 ||   140
       Rpst.: Long sword |     5 |    12 |     1 ||    18
